 Dungeon Crawl Stone Soup version 0.21.1-1-g345015fe64 (webtiles) character file.

55 Grit the Chucker (level 3, -1/30 HPs)
             Began as a Centaur Hunter on July 13, 2018.
             Slain by a hobgoblin (4 damage)
             ... on level 2 of the Dungeon.
             The game lasted 00:27:51 (1565 turns).

Grit the Chucker (Centaur Hunter)                   Turns: 1565, Time: 00:27:52

Health: -1/30      AC:  4    Str: 14    XL:     3   Next: 67%
Magic:  3/3        EV:  3    Int: 10    God:
Gold:   48         SH:  0    Dex: 10    Spells: 2/2 levels left

rFire    . . .     SeeInvis .   t - +0 spear
rCold    . . .     Gourm    .   (no shield)
rNeg     . . .     Faith    .   b - +0 leather armour
rPois    .         Spirit   .   (no helmet)
rElec    .         Reflect  .   (no cloak)
rCorr    .         Harm     .   (no gloves)
MR       .....                  (no barding)
Stlth    +.........             (no amulet)
HPRegen  0.10/turn              r - -6 ring of evasion (curse)
MPRegen  0.08/turn              (no ring)

@: very quick
A: large, hooves 3, deformed body, speed 2, tough skin 3
a: no special abilities


You were on level 2 of the Dungeon.
You were full.

You visited 1 branch of the dungeon, and saw 2 of its levels.

You collected 48 gold pieces.

Inventory:

Hand Weapons
 t - a +0 spear (weapon)
Missiles
 c - 6 javelins
 d - 2 throwing nets
 j - 39 stones (quivered)
Armour
 b - a +0 leather armour (worn)
 o - a +0 helmet
Jewellery
 r - a cursed -6 ring of evasion (left hand)
Scrolls
 i - a scroll of amnesia {unknown}
Potions
 e - a potion of agility {unknown}
 h - a potion of lignification {unknown}
 l - a potion of curing {unknown}
 m - a potion of flight {unknown}
 q - a potion of mutation {unknown}
 s - a potion of berserk rage {unknown}
Comestibles
 f - a ration
 n - a chunk of flesh


   Skills:
 + Level 2.3 Fighting
 - Level 0.1 Polearms
 * Level 5.4 Throwing
 - Level 1.6 Dodging
 - Level 0.7 Stealth


You had 2 spell levels left.
You didn't know any spells.

Dungeon Overview and Level Annotations

Branches:
Dungeon (2/15)

Altars:


Innate Abilities, Weirdness & Mutations

You have hooves in place of feet.
Armour fits poorly on your strangely shaped body.
You cover ground very quickly.
You have extremely tough skin. (AC +3)


Message History

The rat bites you but does no damage. The hobgoblin hits you.
As you read the scroll labeled PEORRIMURR, it crumbles to dust.
You feel aware of your surroundings.
It was a scroll of magic mapping.
The bat barely misses you. The rat barely misses you. The hobgoblin hits you.
You eat one of the 2 rations.
That ration really hit the spot!
The bat hits you. The rat bites you but does no damage. The hobgoblin hits you.
* * * LOW HITPOINT WARNING * * *
There are monsters nearby!
The rat bites you.
* * * LOW HITPOINT WARNING * * *
The hobgoblin hits you.
* * * LOW HITPOINT WARNING * * *
There are monsters nearby!
The bat hits you but does no damage. The bat hits you but does no damage.
The bat hits you but does no damage. The bat hits you but does no damage.
The bat completely misses you. The bat hits you but does no damage.
The hobgoblin hits you.
You die...

*,,,,,* #....
*,,,,,###* ####....
*,,,,,...#*#.......
*,,,,,*#..###......
*,,,,,.##...#......
*,,,,,.............
*##########..(.#...
#b................
#@.......$...#.†..
#gr............)..
#............#....
#.>...............
#.................
#.................
#.................
###.###.###.#....#
*...#*#...........


You could see a hobgoblin, a bat and a rat.

Vanquished Creatures
  2 adders (D:2)
  A worm (D:2)
  2 leopard geckos (D:2)
  2 bats (D:2)
  A giant cockroach (D:2)
  4 goblins (D:1)
  6 hobgoblins
  3 kobolds (D:1)
  A ball python (D:1)
  4 frilled lizards (D:1)
  6 rats
32 creatures vanquished.

Notes
Turn   | Place    | Note
-------+----------+-------------------------------------------
     0 | D:1      | Grit the Centaur Hunter began the quest for the Orb.
     0 | D:1      | Reached XP level 1. HP: 17/17 MP: 1/1
     6 | D:1      | Noticed a black bear
     6 | D:1      | Noticed a wolf
     6 | D:1      | Noticed a six-headed hydra
   286 | D:1      | Reached XP level 2. HP: 24/24 MP: 2/2
   437 | D:1      | Reached skill level 5 in Throwing
  1222 | D:2      | Reached XP level 3. HP: 19/29 MP: 3/3
  1565 | D:2      | Slain by a hobgoblin

Skill      XL: |  1  2 |
---------------+-------+-----
Throwing       | 5 |  5.4
Fighting       | |  2.3
Polearms       | |  0.1
Dodging        | |  1.6
Stealth        | |  0.7

Action                   || total
-------------------------++-------
Melee: Short sword       ||    40
       Kick              ||    14
       Spear             ||    49
 Fire: Hunting sling     ||     1
Throw: Stone             ||    42
  Use: Scroll            ||     6
  Eat: Ration            ||     2
Armor: Leather armour    ||    43
Dodge: Dodged            ||    37
